[Event "Early-Titled-Tuesday-Blitz-September-05-2023"]
[Site "Chess.com"]
[Date "2023.09.05"]
[Round "4"]
[White "ferrufino64"]
[Black "MartinMatthiesen"]
[Result "0-1"]
[WhiteElo "2141"]
[BlackElo "2473"]
[TimeControl "180+1"]
[EndTime "8:35:34 PDT"]
[Termination "MartinMatthiesen won by resignation"]

1. e4 c6 2. d4 d5 3. Nc3 dxe4 4.
Nxe4 Bf5 5. Ng3 Bg6 6. h4 h6 7.
Nf3 Nd7 8. h5 Bh7 9. Bd3 Bxd3 10. Qxd3 Ngf6 11. Bd2 e6 12. O-O-O Be7 13. Qe2 O-O 14. Kb1 Qb6 15. Ne4 c5 16. g4 Nxg4 17. Rhg1 f5 18. dxc5 Nxc5 19. Nc3 Bf6 20. Rde1 Ne4 21. Rxg4 Bxc3 22. b3 Bxd2 23. Nxd2 Nc3+ 0-1

[Event "Early-Titled-Tuesday-Blitz-September-05-2023"]
[Site "Chess.com"]
[Date "2023.09.05"]
[Round "4"]
[White "joksijoksi"]
[Black "chenrip"]
[Result "1-0"]
[WhiteElo "2537"]
[BlackElo "2397"]
[TimeControl "180+1"]
[EndTime "8:35:37 PDT"]
[Termination "joksijoksi won by resignation"]

1. d4 d5 2. c4 e6 3. Nc3 Nf6 4. Nf3 Bb4 5. Qa4+ Nc6 6. Bg5 dxc4 7. a3 Bxc3+ 8. bxc3 Qd6 9. Qxc4 b6 10. e3 Bb7 11. a4 O-O 12. Bd3 Na5 13. Qa2 Be4 14.
Qc2 Bxd3 15. Qxd3 Nd5 16. O-O h6 17. Bh4 Rad8 18. Bxd8 Rxd8 19. Ne5 c5 20. e4 Nf6 21. Rfd1 Nb3 22. Nc4 Qf4 23. Rab1 Nxe4 24. Rxb3 Qxf2+ 25. Kh1 Rd5 26. Qxe4 1-0

[Event "Early-Titled-Tuesday-Blitz-September-05-2023"]
[Site "Chess.com"]
[Date "2023.09.05"]
[Round "4"]
[White "koncheto"]
[Black "Zheenbekov86"]
[Result "1-0"]
[WhiteElo "2528"]
[BlackElo "2394"]
[TimeControl "180+1"]
[EndTime "8:35:39 PDT"]
[Termination "koncheto won by checkmate"]

1. e4 e5 2. Nf3 Nc6 3. d4 exd4 4. Bc4 Nf6 5. O-O Nxe4 6. Nc3 dxc3 7. Bxf7+ Kxf7 8. Qd5+ Ke8 9. Re1 d6 10. Rxe4+ Ne7 11.
Ng5 c6 12. Qf7+ Kd7 13. Ne6 Qe8 14.
Qxe8+ Kxe8 15. Nc7+ Kd7 16. Nxa8 b6 17. Ra4 Bb7 18.
Rxa7 Kc8 19. Nxb6+ Kb8 20. Ra3 d5 21. Bf4# 1-0

[Event "Early-Titled-Tuesday-Blitz-September-05-2023"]
[Site "Chess.com"]
[Date "2023.09.05"]
[Round "4"]
[White "cthulhuuu"]
[Black "InadaC"]
[Result "1-0"]
[WhiteElo "2454"]
[BlackElo "1652"]
[TimeControl "180+1"]
[EndTime "8:35:40 PDT"]
[Termination "cthulhuuu won by checkmate"]

1. e4 e6 2. d3 d5 3. Nd2 Nf6 4. Ngf3 c5 5. g3 Nc6 6. Bg2 dxe4 7. dxe4 Be7 8. O-O O-O 9. e5 Nd5 10.
a3 Qc7 11. c4 Nb6 12. Re1 Rd8 13. Qc2 Nd4 14. Nxd4 Rxd4 15. b3 Rd8 16. Ne4 Bd7 17. Bg5 Bxg5 18. Nxg5 g6 19. Qe4 Bc6 20. Qh4 h5 21.
Bxc6 Qxc6 22. g4 Rd4 23. h3 Rad8 24. Ne4 Nd7 25. gxh5 Nxe5 26. Qf6 Nd3 27. h6 Kf8 28. h7 Rxe4 29. h8=R# 1-0

[Event "Early-Titled-Tuesday-Blitz-September-05-2023"]
[Site "Chess.com"]
[Date "2023.09.05"]
[Round "4"]
[White "aranibos"]
[Black "jcmesafischer"]
[Result "0-1"]
[WhiteElo "2271"]
[BlackElo "2484"]
[TimeControl "180+1"]
[EndTime "8:35:41 PDT"]
[Termination "jcmesafischer won by checkmate"]

1. d4 Nf6 2. Nf3 g6 3. Bg5 Bg7 4. Nbd2 d5 5. e3 O-O 6. Bd3 b6 7. c3 Ba6 8. Bc2 c5 9. h4 h5 10. Ne5 Nbd7 11. Nxg6 fxg6 12. Bxg6 e5 13. Qa4 Qc8 14. Bf5 b5 15. Qa3 exd4 16. Bxf6 Rxf6 17. Bxd7 Qxd7 18. Qxc5 dxe3 19. fxe3 Rc6 20. Qa3 b4 21. cxb4 Qg4 22. Qb3 Qe2# 0-1

[Event "Early-Titled-Tuesday-Blitz-September-05-2023"]
[Site "Chess.com"]
[Date "2023.09.05"]
[Round "4"]
[White "Rud_Makarian"]
[Black "KChor05TTV"]
[Result "1-0"]
[WhiteElo "2940"]
[BlackElo "2608"]
[TimeControl "180+1"]
[EndTime "8:35:45 PDT"]
[Termination "Rud_Makarian won by resignation"]

1. d4 Nf6 2. c4 g6 3. Nc3 Bg7 4. e4 d6 5. Be2 O-O 6. Be3 Na6 7. Nf3 e5 8. O-O Re8 9. d5 Nc5 10. Nd2 a5 11. f3 Nh5 12. Nb3 b6 13. Nxc5 bxc5 14.
Qd2 f5 15. exf5 gxf5 16. Bg5 Qd7 17. g3 Qf7 18. Rae1 Bd7 19. Kh1 Qg6 20. f4 e4 21. Nd1 Bd4 22. Ne3 Ng7 23. Rg1 Bf6 24. Bxf6 Qxf6 25. g4 Qd4 26. Qc1 Kh8 27. g5 Rab8 28.
b3 a4 29. Bd1 a3 30. Rg2 1-0

[Event "Early-Titled-Tuesday-Blitz-September-05-2023"]
[Site "Chess.com"]
[Date "2023.09.05"]
[Round "4"]
[White "Pingah9"]
[Black "Srisshhhtea"]
[Result "1-0"]
[WhiteElo "2576"]
[BlackElo "2409"]
[TimeControl "180+1"]
[EndTime "8:35:45 PDT"]
[Termination "Pingah9 won by resignation"]

1. e4 e5 2. Nf3 Nc6 3. Bb5 a6 4.
Ba4 d6 5. O-O Bg4 6. c3 Qf6 7.
d3 Ne7 8. Nbd2 g5 9. Re1 h5 10. Qc2 h4 11. h3 Bd7 12. Nh2 g4 13. hxg4 h3 14. g3 Qg6 15. f3 f5 16. Ndf1 fxg4 17.
f4 exf4 18. Bxf4 Bh6 19. Bxh6 Qxh6 20. Ne3 O-O-O 21. d4 Rdf8 22. Qe2 Rhg8 23. Rf1 Rxf1+ 24. Rxf1 Qg6 25. Bb3 Re8 26. Bf7 Qxe4 27. Bxe8 Bxe8 28. Qxg4+ Qxg4 29. Nhxg4 Bg6 30. Kh2 1-0

[Event "Early-Titled-Tuesday-Blitz-September-05-2023"]
[Site "Chess.com"]
[Date "2023.09.05"]
[Round "4"]
[White "IM_Tissir"]
[Black "Hoshka"]
[Result "1-0"]
[WhiteElo "2455"]
[BlackElo "2046"]
[TimeControl "180+1"]
[EndTime "8:35:45 PDT"]
[Termination "IM_Tissir won by resignation"]

1. e4 e5 2. Nf3 Nc6 3. Bc4 Nf6 4. d3 h6 5. c3 d6 6. Bb3 g5 7. Nbd2 Bg7 8. Nc4 O-O 9. Ne3 Ne7 10. O-O Ng6 11. Nf5 Bxf5 12. exf5 Ne7 13. Bc2 Nxf5 14.
d4 e4 15. Re1 exf3 16. Bxf5 fxg2 17. Qf3 c5 18. Be3 Qa5 19. a3 cxd4 20. Bxd4 Qd5 21.
Qd3 Rfe8 22. Rad1 Rxe1+ 23. Rxe1 b5 24. Re7 a6 25. h3 Rc8 26. Bxc8 1-0

[Event "Early-Titled-Tuesday-Blitz-September-05-2023"]
[Site "Chess.com"]
[Date "2023.09.05"]
[Round "4"]
[White "ashwanitiwari"]
[Black "Daniel_Salinas"]
[Result "1-0"]
[WhiteElo "2197"]
[BlackElo "2301"]
[TimeControl "180+1"]
[EndTime "8:35:46 PDT"]
[Termination "ashwanitiwari won by resignation"]

1. b3 Nf6 2. Bb2 g6 3. e4 Bg7 4. e5 Nd5 5. c4 Nb6 6. d4 d6 7.
f4 O-O 8. Nf3 Bg4 9. Be2 c5 10.
dxc5 dxc5 11. Qxd8 Rxd8 12. Nbd2 Nc6 13. O-O Nd4 14.
Nxd4 Bxe2 15. Rfe1 Bxc4 16. Nxc4 Nxc4 17. bxc4 cxd4 18. Rad1 Rac8 19. Bxd4 Rxc4 20. Bxa7 Rxd1 21. Rxd1 Rxf4 22. Rd8+ Bf8 23. Be3 Rh4 24. Bg5 Ra4 25.
Bxe7 1-0

[Event "Early-Titled-Tuesday-Blitz-September-05-2023"]
[Site "Chess.com"]
[Date "2023.09.05"]
[Round "4"]
[White "isaak2009"]
[Black "MAGMAchess02"]
[Result "1-0"]
[WhiteElo "2555"]
[BlackElo "2404"]
[TimeControl "180+1"]
[EndTime "8:35:47 PDT"]
[Termination "isaak2009 won by resignation"]

1. d4 Nf6 2. c4 c5 3. d5 b5 4.
cxb5 a6 5. e3 g6 6. Nc3 Bg7 7.
a4 O-O 8. Nf3 e6 9. d6 Bb7 10.
Be2 Nd5 11. Bd2 axb5 12. Bxb5 Nc6 13. O-O Ncb4 14. Ne4 Rc8 15. Nc3 Bc6 16. e4 Nb6 17. Bxc6 Rxc6 18. e5 f6 19. exf6 Qxf6 20. Qe2 Rxd6 21.
Ne4 Qe7 22. Bg5 Bf6 23. Nxf6+ Rxf6 24. Qe5 N6d5 25. Bxf6 Nxf6 26. Qxc5 Nd3 27. Qc8+ Kg7 28. Qc3 Rd5 29. Nd2 Kg8 30. a5 Qd6 31. a6 Rc5 32.
a7 1-0

[Event "Early-Titled-Tuesday-Blitz-September-05-2023"]
[Site "Chess.com"]
[Date "2023.09.05"]
[Round "4"]
[White "Doomfist26"]
[Black "kirillshevchenko"]
[Result "0-1"]
[WhiteElo "2610"]
[BlackElo "2968"]
[TimeControl "180+1"]
[EndTime "8:35:48 PDT"]
[Termination "kirillshevchenko won by resignation"]

1. e4 e5 2. Nf3 Nc6 3. d4 exd4 4. Nxd4 Nf6 5. Nxc6 bxc6 6. e5 Qe7 7. Qe2 Nd5 8. h4 Rb8 9. c4 Qb4+ 10. Nd2 Nf4 11. Qe3 Ne6 12. Bd3 d5 13. exd6 Bxd6 14. O-O Bf4 15. Qe2 O-O 16. a3 Qe7 17. Nf3 Qf6 18. Qe4 g6 19. Bc2 c5 20. Bxf4 Nxf4 21. Qe5 Qxe5 22. Nxe5 Rxb2 23. Ba4 Bb7 24. g3 Nh3+ 25.
Kh2 Nxf2 26. Nd7 0-1

[Event "Early-Titled-Tuesday-Blitz-September-05-2023"]
[Site "Chess.com"]
[Date "2023.09.05"]
[Round "4"]
[White "inagreV"]
[Black "suyu28"]
[Result "0-1"]
[WhiteElo "2244"]
[BlackElo "2724"]
[TimeControl "180+1"]
[EndTime "8:35:53 PDT"]
[Termination "suyu28 won by resignation"]

1. e4 c6 2. Nf3 d5 3. Nc3 Bg4 4. h3 Bxf3 5. Qxf3 e6 6. d3 Nd7 7.
Bd2 Ngf6 8. g4 h6 9. O-O-O Qb6 10. h4 Nc5 11. g5 hxg5 12. hxg5 Rxh1 13. Qxh1 Nfd7 14. g6 fxg6 15. Bg5 d4 16. Ne2 Na4 17. b3 Qb4 18. Kb1 Nf6 19. Qh3 Kf7 20. Bxf6 gxf6 21. Nf4 Nc3+ 22. Ka1 Nxd1 23. Qxe6+ Kg7 24. Qg4 Qc3+ 0-1

[Event "Early-Titled-Tuesday-Blitz-September-05-2023"]
[Site "Chess.com"]
[Date "2023.09.05"]
[Round "4"]
[White "GrumbleBruno"]
[Black "Obito24"]
[Result "1-0"]
[WhiteElo "2481"]
[BlackElo "2673"]
[TimeControl "180+1"]
[EndTime "8:35:56 PDT"]
[Termination "GrumbleBruno won on time"]

1. e4 c5 2. c3 Nf6 3. e5 Nd5 4. d4 cxd4 5. cxd4 Nc6 6. Nc3 e6 7. Nf3 d6 8. exd6 Bxd6 9. Bd3 O-O 10. O-O Nf6 11. Bg5 h6 12. Bh4 Be7 13. a3 Nh5 14. Bxe7 Nxe7 15. Ne5 Nf6 16. Ne4 Ned5 17. Rc1 Bd7 18.
Re1 Rc8 19. Qd2 b6 20. Nc3 Nxc3 21. bxc3 Ba4 22. Re3 Qd6 23. Rg3 Kh8 24. Rh3 Kg8 25. Rxh6 gxh6 26. Qxh6 Qe7 27. Ng4 1-0

[Event "Early-Titled-Tuesday-Blitz-September-05-2023"]
[Site "Chess.com"]
[Date "2023.09.05"]
[Round "4"]
[White "Agibileg"]
[Black "merinasian"]
[Result "1-0"]
[WhiteElo "2667"]
[BlackElo "2439"]
[TimeControl "180+1"]
[EndTime "8:36:04 PDT"]
[Termination "Agibileg won by resignation"]

1. d4 Nf6 2. c4 e6 3. Nc3 Bb4 4. a3 Bxc3+ 5. bxc3 d6 6. f3 O-O 7. e4 e5 8. Bd3 c5 9. Ne2 Nc6 10. O-O b6 11. Bg5 h6 12. Bh4 g5 13. Bf2 Ba6 14. f4 exf4 15. Nxf4 Ne7 16. Nh5 Nxh5 17. Qxh5 Kg7 18.
h4 Ng6 19. Bg3 Qe7 20. e5 dxe5 21. dxe5 Rad8 22. Bf5 Bxc4 23. Rf2 Be6 24. Be4 gxh4 25. Rf6 hxg3 26. Bxg6 Rd5 27. Be4 Rxe5 28. Qxh6+ 1-0

[Event "Early-Titled-Tuesday-Blitz-September-05-2023"]
[Site "Chess.com"]
[Date "2023.09.05"]
[Round "4"]
[White "DeArron_Fox"]
[Black "Jmf24"]
[Result "1-0"]
[WhiteElo "2511"]
[BlackElo "2377"]
[TimeControl "180+1"]
[EndTime "8:36:08 PDT"]
[Termination "DeArron_Fox won by resignation"]

1. d4 Nf6 2. c4 g6 3. Nc3 d5 4.
cxd5 Nxd5 5. e4 Nxc3 6. bxc3 Bg7 7. Be3 c5 8. Qd2 Qa5 9. Nf3 Nc6 10. Rc1 cxd4 11.
cxd4 Qxd2+ 12. Kxd2 Bg4 13. d5 Rd8 14. h3 Bxf3 15.
gxf3 e6 16. Bc4 O-O 17. Ke2 Ne5 18. dxe6 Nxc4 19. e7 b5 20. Rhd1 Rxd1 21. exf8=Q+ Bxf8 22. Rxd1 a5 23. Rd8 Kg7 24. Bd4+ f6 25. Bxf6+ Kxf6 26. Rxf8+ Ke5 27. Kd3 Nb2+ 28. Kc2 Na4 29. Rb8 b4 30. Rb5+ Kf4 31. Rxa5 Nc3 32. a3 Kxf3 33. axb4 Nxe4 34. b5 Kxf2 35. b6 Nd6 36. Rd5 Nb7 37. Rd7 Na5 38. b7 Nxb7 39. Rxb7 h5 40. Rg7 Kg3 41. Rxg6+ Kxh3 42. Kd3 h4 43. Ke2 Kh2 44. Kf2 h3 45.
Rg3 1-0

[Event "Early-Titled-Tuesday-Blitz-September-05-2023"]
[Site "Chess.com"]
[Date "2023.09.05"]
[Round "4"]
[White "Speshka"]
[Black "expii"]
[Result "0-1"]
[WhiteElo "2514"]
[BlackElo "2246"]
[TimeControl "180+1"]
[EndTime "8:36:13 PDT"]
[Termination "expii won by resignation"]

1. e4 c5 2. Nf3 d6 3. d4 cxd4 4. Nxd4 Nf6 5. Nc3 g6 6. Be3 Bg7 7. f3 O-O 8. Qd2 Nc6 9. Bc4 Bd7 10. O-O-O Rc8 11. Bb3 Ne5 12. Qe2 a6 13. h4 h5 14. f4 Neg4 15. Bg1 b5 16. e5 Ne8 17. e6 fxe6 18. Nxe6 Bxe6 19. Bxe6+ Kh7 20. Bxc8 Qxc8 21. Qxe7 Nef6 22. Bd4 Re8 23. Qf7 Rf8 24. Qe7 Re8 25.
Qxd6 Qf5 26. Rhe1 Rxe1 27. Rxe1 b4 28. Na4 Ne4 29. Qe7 Qxf4+ 30. Kb1 Nd2+ 31. Ka1 Qxd4 32. c3 bxc3 33. Nxc3 Nc4 34. Rd1 Qf2 35. Qb7 Nge3 36.
Rc1 Qd2 37. Rh1 Kh6 38. Na4 Nc2+ 39. Kb1 N4a3+ 0-1

[Event "Early-Titled-Tuesday-Blitz-September-05-2023"]
[Site "Chess.com"]
[Date "2023.09.05"]
[Round "4"]
[White "onnoelgersma"]
[Black "ChessWarrior3"]
[Result "0-1"]
[WhiteElo "2578"]
[BlackElo "2434"]
[TimeControl "180+1"]
[EndTime "8:36:15 PDT"]
[Termination "ChessWarrior3 won by resignation"]

1. c3 e5 2. d4 e4 3. Bf4 h5 4. h4 d5 5. e3 Bd6 6. Bxd6 Qxd6 7. c4 Bg4 8. Qb3 c5 9. Qxb7 Ne7 10. Nc3 cxd4 11.
exd4 Qc6 12. Qb4 Nd7 13. Nh3 Rb8 14. Qa3 dxc4 15. Nf4 Nf5 16. Be2 Nxd4 17. Kf1 Nc2 18. Qxa7 Ra8 0-1

[Event "Early-Titled-Tuesday-Blitz-September-05-2023"]
[Site "Chess.com"]
[Date "2023.09.05"]
[Round "4"]
[White "Actuary44"]
[Black "Al_Shima"]
[Result "1-0"]
[WhiteElo "2534"]
[BlackElo "2334"]
[TimeControl "180+1"]
[EndTime "8:36:15 PDT"]
[Termination "Actuary44 won by checkmate"]

1. e4 c5 2. d4 cxd4 3. c3 d3 4. Bxd3 Nc6 5. f4 d5 6. e5 Nh6 7.
Nf3 Bf5 8. O-O Bxd3 9. Qxd3 e6 10. Kh1 Bc5 11. Be3 Bxe3 12. Qxe3 Nf5 13. Qd3 h5 14. Nbd2 h4 15. Nb3 Qb6 16. Nbd4 Ncxd4 17. Nxd4 Nxd4 18. cxd4 Rc8 19. f5 exf5 20. Qxf5 Qe6 21. Qg5 h3 22.
Qxg7 hxg2+ 23. Qxg2 Rh6 24. Qg8+ Ke7 25. Qg5+ Kd7 26.
Rf2 Rg6 27. Qf4 Rf8 28. Raf1 Rg4 29. Qc1 Rxd4 30. Qc5 Qg4 31. Rxf7+ Rxf7 32. Rxf7+ Ke6 33. Qe7# 1-0

[Event "Early-Titled-Tuesday-Blitz-September-05-2023"]
[Site "Chess.com"]
[Date "2023.09.05"]
[Round "4"]
[White "wild3000"]
[Black "infinitegiantkiller"]
[Result "0-1"]
[WhiteElo "2289"]
[BlackElo "2490"]
[TimeControl "180+1"]
[EndTime "8:36:17 PDT"]
[Termination "infinitegiantkiller won by resignation"]

1. d4 Nf6 2. c4 e6 3. Nf3 c5 4. e3 d5 5. Nc3 a6 6. dxc5 Bxc5 7. a3 O-O 8. b4 Be7 9. Bb2 dxc4 10. Qxd8 Rxd8 11. Bxc4 b5 12. Bb3 Bb7 13. Ke2 Nbd7 14.
Rhd1 Nb6 15. Rxd8+ Rxd8 16. Rd1 Rxd1 17. Nxd1 Nfd5 18.
Nc3 Nxc3+ 19. Bxc3 Bd5 20. Bxd5 Nxd5 21. Kd3 f6 22.
Nd4 Kf7 23. Nc6 Bd6 24. Bd2 Nb6 25. Bc1 Ke8 26. g3 Kd7 27. Nd4 g6 28. h4 e5 29.
Nb3 Nc4 30. e4 Nb6 31. f4 Nc4 32. Nd2 Nxd2 33. Bxd2 h5 34. Ke3 Ke6 35. Kf3 f5 36. Bc3 exf4 37. gxf4 fxe4+ 38. Kxe4 Be7 39. Be1 Bf6 40. Bd2 Bb2 41. Be1 Bxa3 42. Bc3 Bc1 43. Be1 Bb2 44. Bd2 Bf6 45. Be1 Be7 46. Kd4 Kf5 47. Kd5 Kxf4 48. Kc6 Kg4 49. Kb6 Bxh4 50. Bc3 Be7 51. Kxa6 h4 52. Kxb5 Bd6 53. Kc6 Bf4 54. b5 h3 55. b6 h2 56. b7 h1=Q+ 57.
Kb6 Qb1+ 58. Ka7 Qa2+ 59. Kb6 Qb3+ 0-1

[Event "Early-Titled-Tuesday-Blitz-September-05-2023"]
[Site "Chess.com"]
[Date "2023.09.05"]
[Round "4"]
[White "PhileKhoob"]
[Black "HeinichessPY"]
[Result "0-1"]
[WhiteElo "2401"]
[BlackElo "2211"]
[TimeControl "180+1"]
[EndTime "8:36:19 PDT"]
[Termination "HeinichessPY won by resignation"]

1. Nf3 Nf6 2. b3 g6 3. Bb2 Bg7 4. e4 O-O 5. d3 d6 6. Nbd2 e5 7. g3 Nc6 8. Bg2 Bg4 9. O-O Qd7 10. Re1 Bh3 11. Bh1 Qg4 12. Nc4 Qh5 13. Ne3 Ng4 14. Nd2 f5 15. Bf3 Rf7 16. exf5 Raf8 17. Bd5 gxf5 18.
Nf3 f4 19. Ng2 fxg3 20. fxg3 e4 21. Bxg7 Qxd5 22. Bxf8 exf3 23. Re4 f2+ 24. Kh1 Bxg2+ 25. Kxg2 Ne3+ 0-1

[Event "Early-Titled-Tuesday-Blitz-September-05-2023"]
[Site "Chess.com"]
[Date "2023.09.05"]
[Round "4"]
[White "Gyulamiryan-koryun"]
[Black "valemava"]
[Result "0-1"]
[WhiteElo "2061"]
[BlackElo "2292"]
[TimeControl "180+1"]
[EndTime "8:36:19 PDT"]
[Termination "valemava won by resignation"]

1. e4 c5 2. c3 Qa5 3. Nf3 Nc6 4. Na3 d6 5. Nc4 Qc7 6. Be2 Nf6 7. d3 b5 8. Na3 a6 9. Bf4 e5 10. Bg3 Be7 11.
Nc2 Nh5 12. Ne3 Be6 13. a4 b4 14. c4 O-O 15. b3 Nf4 16. Bxf4 exf4 17. Nd5 Bxd5 18.
exd5 Na5 19. O-O Bf6 20. Rb1 Rfe8 21. Qd2 g5 22. d4 Kg7 23. Rfe1 Re7 24. dxc5 Qxc5 25. Bd3 Bc3 26. Rxe7 Bxd2 27. Nxd2 Qd4 28. Bf5 Qxd2 29. Be6 Rf8 30. Bd7 Nxb3 31. h3 Nd4 32. Rbe1 b3 33. Bc6 b2 34. Rb7 Qxe1+ 0-1

[Event "Early-Titled-Tuesday-Blitz-September-05-2023"]
[Site "Chess.com"]
[Date "2023.09.05"]
[Round "4"]
[White "Rutricks"]
[Black "Massakru"]
[Result "1-0"]
[WhiteElo "2643"]
[BlackElo "2426"]
[TimeControl "180+1"]
[EndTime "8:36:20 PDT"]
[Termination "Rutricks won by resignation"]

1. b3 d5 2. Bb2 c5 3. Nf3 Nc6 4.
e3 a6 5. c4 d4 6. exd4 cxd4 7.
d3 g6 8. a3 Bg7 9. g3 e5 10. Bg2 Nf6 11. O-O O-O 12. b4 Re8 13. Ng5 h6 14. Ne4 Nxe4 15. Bxe4 Kh7 16. Nd2 Bh3 17. Re1 f5 18. Bd5 Qd7 19. Qb3 Ne7 20. Bh1 f4 21. b5 a5 22. a4 fxg3 23. hxg3 Rf8 24. Ba3 Rf7 25. Nf3 Qf5 26. Ra2 Raf8 27. Bd6 g5 28. Bxe5 Bxe5 29. Nxe5 Rg7 30. Be4 1-0

[Event "Early-Titled-Tuesday-Blitz-September-05-2023"]
[Site "Chess.com"]
[Date "2023.09.05"]
[Round "4"]
[White "wonderfultime"]
[Black "baki83"]
[Result "1-0"]
[WhiteElo "3002"]
[BlackElo "2829"]
[TimeControl "180+1"]
[EndTime "8:36:22 PDT"]
[Termination "wonderfultime won on time"]

1. d4 d5 2. Nf3 Nf6 3. Bf4 Bf5 4.
c4 e6 5. Nc3 Bb4 6. e3 O-O 7.
Be2 dxc4 8. Bxc4 c5 9. O-O Nbd7 10. Nb5 cxd4 11. Nbxd4 Bg6 12. Rc1 Rc8 13. a3 Bc5 14.
b4 Bb6 15. Nxe6 fxe6 16. Bxe6+ Kh8 17. Rxc8 Qxc8 18. Ne5 Be8 19. Qd6 Qc7 20. Nxd7 Nxd7 21. Qxc7 1-0

[Event "Early-Titled-Tuesday-Blitz-September-05-2023"]
[Site "Chess.com"]
[Date "2023.09.05"]
[Round "4"]
[White "Haykoooo0o"]
[Black "jk13"]
[Result "1-0"]
[WhiteElo "2490"]
[BlackElo "2676"]
[TimeControl "180+1"]
[EndTime "8:36:25 PDT"]
[Termination "Haykoooo0o won by checkmate"]

1. b3 d5 2. Bb2 Bg4 3. h3 Bh5 4. Nf3 Nd7 5. e3 e6 6. c4 Ngf6 7. Be2 c6 8. O-O Bd6 9. cxd5 exd5 10. Nd4 Bxe2 11. Qxe2 O-O 12. Nf5 Be5 13. Nc3 Re8 14.
f4 Bc7 15. Qf3 Nc5 16. Ne2 Nce4 17. Rad1 Qd7 18. g4 Re6 19. Ned4 Rae8 20. Nxe6 fxe6 21. Ng3 Nxg3 22. Qxg3 Ne4 23. Qg2 c5 24. d3 Nd6 25.
Be5 Nb5 26. Bxc7 Qxc7 27. Qb2 d4 28. e4 Qa5 29. a4 Nc3 30. Rde1 Qc7 31. Qh2 b6 32. f5 Qxh2+ 33. Kxh2 e5 34. f6 Re6 35. fxg7 Kxg7 36. Rf5 a6 37. Ref1 Re7 38. Rg5+ Kh6 39.
Rg8 Re6 40. Rf5 b5 41. Rh5# 1-0

[Event "Early-Titled-Tuesday-Blitz-September-05-2023"]
[Site "Chess.com"]
[Date "2023.09.05"]
[Round "4"]
[White "amanjazu"]
[Black "Harry_Rakkel"]
[Result "0-1"]
[WhiteElo "2369"]
[BlackElo "2654"]
[TimeControl "180+1"]
[EndTime "8:36:25 PDT"]
[Termination "Harry_Rakkel won by resignation"]

1. f4 d5 2. Nf3 g6 3. g3 Bg7 4. Bg2 Nf6 5. O-O O-O 6. d3 c5 7. Qe1 Nc6 8. e4 b6 9. Nc3 e6 10. Ne5 Bb7 11. Nxc6 Bxc6 12. f5 d4 13. Ne2 exf5 14.
exf5 Bxg2 15. Kxg2 Re8 16. Bg5 Qe7 17. Ng1 Qb7+ 18.
Nf3 Rxe1 19. Raxe1 gxf5 20. Kg1 Re8 21. Rxe8+ Nxe8 22. Nh4 Nd6 23. Bf4 Qd5 24. Re1 Bf8 25. Re5 Qxa2 26.
Nxf5 Nxf5 27. Rxf5 Qb1+ 28. Kg2 Qxc2+ 29. Kh3 Qxd3 30. Rg5+ Qg6 0-1

[Event "Early-Titled-Tuesday-Blitz-September-05-2023"]
[Site "Chess.com"]
[Date "2023.09.05"]
[Round "4"]
[White "gm_rashid"]
[Black "Aanna12"]
[Result "1-0"]
[WhiteElo "2392"]
[BlackElo "2024"]
[TimeControl "180+1"]
[EndTime "8:36:25 PDT"]
[Termination "gm_rashid won by resignation"]

1. e4 c5 2. Nf3 d6 3. d4 cxd4 4. Nxd4 Nf6 5. Nc3 a6 6. f3 e5 7.
Nb3 Be7 8. Be3 Be6 9. Qd2 Nbd7 10. O-O-O b5 11. g4 Nb6 12. g5 Nh5 13. Nd5 Bxd5 14.
exd5 Nf4 15. Bxf4 exf4 16. h4 O-O 17. Qxf4 Rc8 18. Nd4 Nxd5 19. Qe4 Nb4 20. a3 d5 21.
Qf5 Na2+ 22. Kb1 Nc3+ 23. bxc3 Qa5 24. Nb3 Qxa3 25. h5 b4 26. Bd3 g6 27. hxg6 fxg6 28. Qe6+ 1-0

[Event "Early-Titled-Tuesday-Blitz-September-05-2023"]
[Site "Chess.com"]
[Date "2023.09.05"]
[Round "4"]
[White "The_Princess_Moon"]
[Black "NovozhilovSemen"]
[Result "0-1"]
[WhiteElo "2262"]
[BlackElo "2569"]
[TimeControl "180+1"]
[EndTime "8:36:26 PDT"]
[Termination "NovozhilovSemen won by resignation"]

1. e4 e6 2. d4 d5 3. e5 c5 4. c3 Nc6 5. Nf3 Nge7 6. Be2 Nf5 7. dxc5 Bxc5 8. O-O O-O 9. b4 Bb6 10. Bd3 a6 11. Bxf5 exf5 12. Bg5 Qc7 13. Qxd5 h6 14. Bf4 Be6 15. Qd2 Rfd8 16. Qc1 Ne7 17.
Bxh6 gxh6 18. Qxh6 Bc4 19. Re1 Ng6 20. e6 Qf4 21. exf7+ Bxf7 22. Qh5 Kg7 23. g3 Qg4 24. Qxg4 fxg4 25. Ng5 Bd5 26. Nd2 Rf8 27. Re2 Rae8 28. Rxe8 Rxe8 29. Kf1 Kh6 30. Nge4 Bxe4 31.
Nxe4 Rxe4 0-1

[Event "Early-Titled-Tuesday-Blitz-September-05-2023"]
[Site "Chess.com"]
[Date "2023.09.05"]
[Round "4"]
[White "Tonychess32"]
[Black "Nf3c5"]
[Result "0-1"]
[WhiteElo "2416"]
[BlackElo "2608"]
[TimeControl "180+1"]
[EndTime "8:36:27 PDT"]
[Termination "Nf3c5 won on time"]

1. c4 e6 2. e3 d5 3. Nf3 Nf6 4. Be2 c5 5. O-O d4 6. d3 Nc6 7. a3 a5 8. e4 e5 9. h3 Bd6 10. Nh2 Nd7 11. b3 O-O 12. Ra2 a4 13. bxa4 Qa5 14. f4 exf4 15. Bxf4 Bxf4 16. Rxf4 Nde5 17. Nd2 Qxa4 18. Qe1 Nb4 19. axb4 Qxa2 20. bxc5 Qb2 21. Nhf1 Ra1 22. Qg3 Qxd2 23. Kh2 Qxe2 24.
Rf2 Qh5 0-1

[Event "Early-Titled-Tuesday-Blitz-September-05-2023"]
[Site "Chess.com"]
[Date "2023.09.05"]
[Round "4"]
[White "AsaHoffmann"]
[Black "Markov_Mikhail"]
[Result "0-1"]
[WhiteElo "2368"]
[BlackElo "2654"]
[TimeControl "180+1"]
[EndTime "8:36:28 PDT"]
[Termination "Markov_Mikhail won by resignation"]

1. d4 Nf6 2. Bg5 e6 3. Nd2 d5 4. e3 Be7 5. Bd3 O-O 6. f4 Nbd7 7. Ngf3 c5 8. c3 c4 9. Bc2 b5 10. O-O Bb7 11. Ne5 Ne4 12. Bxe7 Qxe7 13. Bxe4 dxe4 14.
Qh5 g6 15. Qh3 f6 16. Ng4 f5 17. Ne5 Nxe5 18. fxe5 Bd5 19. g4 a5 20. gxf5 exf5 21. Kh1 b4 22. Rf4 bxc3 23. bxc3 Rab8 24. Rg1 Rb2 25. Nf1 Rxa2 26. Ng3 Kh8 27. Rh4 f4 28. Nh5 Be6 29. Nxf4 Rxf4 30. Rxh7+ Qxh7 31. Qxh7+ Kxh7 32. exf4 e3 33. Re1 Bh3 34. d5 Rd2 35. d6 e2 36. Kg1 Rd1 37. Kf2 Rxe1 38. Kxe1 a4 39. Kxe2 a3 0-1

[Event "Early-Titled-Tuesday-Blitz-September-05-2023"]
[Site "Chess.com"]
[Date "2023.09.05"]
[Round "4"]
[White "campochess"]
[Black "EddieUrquhart"]
[Result "0-1"]
[WhiteElo "2193"]
[BlackElo "2384"]
[TimeControl "180+1"]
[EndTime "8:36:28 PDT"]
[Termination "EddieUrquhart won by resignation"]

1. Nc3 Nf6 2. e4 d5 3. exd5 Nxd5 4. Bc4 c6 5. Qf3 Be6 6. d3 g6 7. Nge2 Bg7 8. O-O O-O 9. Bd2 Nxc3 10. Bxc3 Bxc4 11.
Bxg7 Bd5 12. Qg3 Kxg7 13. Nf4 Qd6 14. c4 Be6 15. Rfe1 Bf5 16. c5 Qxc5 17. Rac1 Qd6 18. Rc3 Kg8 19. Qe3 e5 20. Qxe5 Qxe5 21. Rxe5 Nd7 22.
Re3 Rfe8 23. d4 Nf6 24. h3 h5 25. Rf3 Be4 26. Rg3 Nd5 27. Nxh5 Nxc3 28. Nf6+ Kh8 29.
bxc3 Re6 30. Ng4 Kg7 31. Ne5 c5 32. Nc4 cxd4 33. cxd4 Rd8 34. Na5 Rxd4 35. Rb3 b6 0-1